 Dungeon Crawl Stone Soup version 0.25-a0-365-g7600c65aa0 (webtiles) character file.

Game seed: 11149759932069186148, levelgen mode: deterministic

95 night the Ogre Mage (level 4, -2/42 HPs)
             Began as an Ogre Fire Elementalist on Jan 5, 2020.
             Slain by an orc
             ... wielding a +0 flail
              (8 damage)
             ... on level 2 of the Dungeon.
             The game lasted 00:04:44 (2474 turns).

night the Ogre Mage (Ogre Fire Elementalist)        Turns: 2474, Time: 00:04:45

Health: -2/42      AC:  3    Str: 12    XL:     4   Next: 65%
Magic:  5/9        EV:  9    Int: 17    God:
Gold:   127        SH:  0    Dex:  9    Spells: 4/9 levels left

rFire    . . .     SeeInvis .   a - +1 hunting sling (velocity)
rCold    . . .     Gourm    .   (no shield)
rNeg     . . .     Faith    .   n - +0 robe
rPois    .         Spirit   .   (helmet restricted)
rElec    .         Reflect  .   (no cloak)
rCorr    .         Harm     .   (gloves unavailable)
MR       .....                  (boots unavailable)
Stlth    +.........             (no amulet)
HPRegen  0.14/turn              (no ring)
MPRegen  0.11/turn              (no ring)

@: very slightly contaminated, drained
A: large, unfitting armour, tough skin 1
a: no special abilities


You were on level 2 of the Dungeon.
You were not hungry.

You visited 1 branch of the dungeon, and saw 3 of its levels.

You collected 127 gold pieces.

Inventory:

Hand Weapons
 a - a +1 hunting sling of velocity (weapon)
 b - a +0 short sword
Missiles
 d - 6 boomerangs
 f - 86 stones (quivered)
 m - 19 poisoned darts
Armour
 n - a +0 robe (worn)
Jewellery
 p - a cursed -3 ring of slaying {unknown}
 q - a +5 amulet of reflection {unknown}
Scrolls
 e - 2 scrolls of identify {unknown}
 i - a scroll of fog {unknown}
 k - a scroll of enchant weapon {unknown}
 o - a scroll of noise {unknown}
Potions
 g - a potion of heal wounds {unknown}
 h - a potion of curing {unknown}
 j - a potion of flight {unknown}
Comestibles
 c - 5 rations
 l - a chunk of flesh


   Skills:
 + Level 2.1(1.3) Fighting
 - Level 1.7(0.9) Dodging
 - Level 1.4(0.6) Stealth
 + Level 3.4(2.5) Spellcasting
 + Level 2.1(1.3) Conjurations
 + Level 3.3(2.4) Fire Magic


You had 4 spell levels left.
You knew the following spells:

 Your Spells              Type           Power        Failure   Level  Hunger
a - Foxfire               Conj/Fire      #...         9%          1    #......
b - Sticky Flame          Conj/Fire      #.......     63%         4    #####..

Your spell library contained the following spells:

 Spells                   Type           Power        Failure   Level  Hunger
 Confusing Touch          Hex            #.....       19%         1    #......
 Conjure Flame            Conj/Fire      #.......     26%         3    ###....
 Inner Flame              Hex/Fire       #.......     32%         3    ###....
 Confuse                  Hex            #.......     50%         3    ###....
 Gell's Gravitas          Tloc           #.........   50%         3    ###....
 Petrify                  Tmut/Erth      #.......     88%         4    #####..
 Fireball                 Conj/Fire      #.........   93%         5    ######.
 Metabolic Englaciation   Hex/Ice        #.........   99%         5    ######.
 Yara's Violent Unravell  Hex/Tmut       #.........   99%         5    ######.


Dungeon Overview and Level Annotations

Branches:
Dungeon (3/15)

Altars:


Innate Abilities, Weirdness & Mutations

You are too large for most types of armour.
You have tough skin. (AC +1)


Message History

The orc hits you.
Casting: Foxfire (safe; 9% risk of failure)
Confirm with . or Enter, or press ? or * to list all spells.
You conjure some foxfire!
The orc hits you.
The foxfire hits the orc but does no damage.
The foxfire hits the orc.
The orc is moderately wounded.
The orc hits you but does no damage. The orc hits you with a +0 flail!
The orc hits you with a +0 hand axe!
* * * LOW HITPOINT WARNING * * *
The orc closely misses you.
Casting: Foxfire (safe; 9% risk of failure)
Confirm with . or Enter, or press ? or * to list all spells.
You conjure some foxfire!
The foxfire hits the orc.
The orc is heavily wounded.
The foxfire hits the orc.
You kill the orc!
The orc hits you with a +0 flail!
You die...

(###.#..........>....#.# #.
.#......####.##......#.# #.
##.....## #.##...o..#.# #.
##.#....####.##.##.....#########.
#.)..............####..#.........
##........##.##..# #..#.########
#.........#.##..# #..#.#
##......)....##ยง.####..#.#
...........####.@)o......#
###.......## #.o####.####
##......# #..# #.# ##...#.# #..#
#.# ##[##.# #..# #.# #
##.##.#####..####.#
#####.....##..........#
.......#..)..#...######
#####....#####...#


You could see 2 orcs.

Vanquished Creatures
  4 adders (D:2)
  A worm (D:2)
  3 dart slugs (D:1)
  2 leopard geckos (D:2)
  An orc (D:2)
  3 ball pythons
  2 giant cockroaches
  3 goblins
  3 hobgoblins
  4 jackals (D:2)
  2 quokkas (D:2)
  9 bats
  A frilled lizard (D:2)
  5 kobolds
  4 rats (D:2)
47 creatures vanquished.

Vanquished Creatures (others)
  124 foxfires
124 creatures vanquished.

Grand Total: 171 creatures vanquished

Notes
Turn   | Place    | Note
-------+----------+-------------------------------------------
     0 | D:1      | night the Ogre Fire Elementalist began the quest for the
                  | Orb.
     0 | D:1      | Reached XP level 1. HP: 16/16 MP: 3/3
    32 | D:1      | Reached skill level 1 in Conjurations
   199 | D:1      | Reached XP level 2. HP: 24/24 MP: 3/5
  1038 | D:2      | Reached skill level 1 in Fighting
  1038 | D:2      | Reached XP level 3. HP: 26/33 MP: 1/7
  1517 | D:2      | Reached XP level 4. HP: 39/42 MP: 3/8
  1981 | D:2      | Learned a level 4 spell: Sticky Flame
  2474 | D:2      | Slain by an orc

Levels and vault maps discovered:
D:1:      psy_arrival_fountain, layout_loops_ring, minivault_5
D:2:      layout_loops_ring, minmay_split_cup_small
D:3:      layout_basic, nicolae_overflow_crystal_walls,
          overflow_temple_1_default, minmay_misc_feat_rows

Skill      XL: |  1  2  3  4 |
---------------+-------------+-----
Conjurations   | 1 2 |  2.1
Fire Magic     | 3 |  3.3
Fighting       | 1 2 |  2.1
Spellcasting   | 3 |  3.4
Dodging        | |  1.7
Stealth        | |  1.4

Action                   |  1- 3 |  4- 6 || total
-------------------------+-------+-------++-------
Melee: Unarmed           |    17 |       ||    17
       Short sword       |       |    24 ||    24
 Fire: Hunting sling     |       |    19 ||    19
 Cast: Foxfire           |    51 |    25 ||    76
 Stab: Sleeping          |     1 |       ||     1
       Distracted        |       |     1 ||     1
  Eat: Chunk             |     3 |     3 ||     6
Armor: Robe              |    18 |    24 ||    42
Dodge: Dodged            |    40 |    26 ||    66

Table legend:
 A = Non-vault XP
 B = Vault XP
 C = Vault XP percentage of total XP
 D = Non-vault monster count
 E = Vault monster count
 F = Vault count percentage of total count
                 A         B        C        D         E       F
            +---------+---------+-------+---------+---------+-------
      Total |     119 |      17 |  12.5 |      44 |       3 |   6.4
            +---------+---------+-------+---------+---------+-------
        D:1 |      25 |       0 |   0.0 |      11 |       0 |   0.0
        D:2 |      94 |      17 |  15.3 |      33 |       3 |   8.3
            +---------+---------+-------+---------+---------+-------
